 Dungeon Crawl Stone Soup version 0.28.0-45-g0d030f2227 (webtiles) character file.

Game seed: 2213252865981820735

112 zeratav the Insei (level 4, -1/29 HPs)
             Began as an Octopode Transmuter on Apr 8, 2022.
             Slain by an orc
             ... wielding a +0 dagger
              (3 damage)
             ... on level 3 of the Dungeon.
             The game lasted 00:04:15 (2207 turns).

zeratav the Insei (Octopode Transmuter)             Turns: 2207, Time: 00:04:16

Health: -1/29      AC:  1    Str:  9    XL:     4   Next: 93%
Magic:  7/7        EV: 13    Int: 15    God:
Gold:   81         SH:  0    Dex: 14    Spells: 6/7 levels left

rFire   . . .      SeeInvis .   h - +3 dagger {short}
rCold   . . .      Faith    .   (no shield)
rNeg    . . .      Spirit   .   (helmet restricted)
rPois   .          Reflect  .   g - amulet of the acrobat
rElec   .          Harm     .   (no ring)
rCorr   .          Rampage  .   (no ring)
Will    .....                   (no ring)
Stlth   +++.......              (no ring)
HPRegen 0.09/turn               (no ring)
MPRegen 0.10/turn               (no ring)
                                (no ring)
                                (no ring)

@: no status effects
A: almost no armour, amphibious, 8 rings, camouflage 1, gelatinous body 1,
(nimble swimmer 1), tentacles
a: no special abilities


You were on level 3 of the Dungeon.
You visited 1 branch of the dungeon, and saw 3 of its levels.

You collected 81 gold pieces.


Innate Abilities, Weirdness & Mutations

You cannot wear most types of armour.
You are amphibious.
You can wear up to eight rings at the same time.
Your skin changes colour to match your surroundings (Stealth+).
Your rubbery body absorbs attacks. (AC +1, EV +1)
((You are camouflaged when in or above water. (Stealth+)))
You have tentacles for arms and can constrict up to eight enemies at once.


   Skills:
 + Level 2.1 Fighting
 + Level 2.8 Dodging
 + Level 2.6 Stealth
 * Level 4.1 Unarmed Combat
 - Level 2.0 Spellcasting
 - Level 2.0 Transmutations


You had 6 spell levels left.
You knew the following spells:

 Your Spells              Type           Power      Damage    Failure   Level
a - Beastly Appendage     Tmut           14%        N/A       10%         1

Your spell library contained the following spells:

 Spells                   Type           Power      Damage    Failure   Level
 Wereblood                Tmut           7%         N/A       14%         2
 Spider Form              Tmut/Pois      4%         N/A       41%         3
 Ice Form                 Ice/Tmut       4%         N/A       82%         4
 Malign Gateway           Summ/Tloc      0%         N/A       100%        7
 Summon Horrible Things   Summ           0%         N/A       100%        8

Inventory:

Hand Weapons
 h - a +3 dagger (weapon) {short}
   (You took it off a goblin on level 2 of the Dungeon)
 j - a +0 hand axe of distortion {!waxe}
   (You found it on level 2 of the Dungeon)
 k - a +0 antimagic whip {mace}
   (You took it off a kobold on level 2 of the Dungeon)
Jewellery
 g - an amulet of the acrobat (around mantle)
   (You found it on level 2 of the Dungeon)
 i - a ring of ice
   (You found it on level 2 of the Dungeon)
Scrolls
 b - a scroll of noise {unknown}
 c - a scroll of enchant weapon {unknown}
 e - 2 scrolls of summoning {unknown}
 f - a scroll of torment {unknown}
Potions
 a - 2 potions of berserk rage {unknown}
 d - a potion of mutation {unknown}

Dungeon Overview and Level Annotations

Branches:
Dungeon (3/15)

Altars:

#. ##.#### .
##...... .. ......
.. ....##.# .....
#oo# # #@)# #.#†.#
####.#..# ........#
### ####....# #..
.......$# #.# ###
####..#.# #.###.##
#..#.# ##.##.#.##
#..#.###....###.####


You could see an orc priest and an orc.


Message History

No target in view!
No target in view!
No target in view!
No target in view!
k - a +0 antimagic whip {mace} You see here a +0 morningstar {mace}.
There is a stone staircase leading down here.
You see here a giant cockroach corpse.
There is a stone staircase leading up here.
There is an escape hatch in the ceiling here.
There is a stone staircase leading up here.
Done exploring.
Done exploring.
(D) Dungeon
Where to? (Enter - D:2 @ (x,y), ? - help)
There is a stone staircase leading down here.
You climb downwards.
There is a stone staircase leading up here.
A quokka is nearby!
A quokka is nearby!
The helpless quokka fails to defend itself.
You puncture the quokka!
You kill the quokka!
No target in view!
No target in view!
No target in view!
No target in view!
No target in view!
No target in view!
No target in view!
No target in view!
No target in view!
No target in view!
No target in view!
Things that are here:
a +0 robe; a quokka corpse
Found an escape hatch in the ceiling.
e - 2 scrolls labelled YXOPEY WUHEXZE (gained 1)
An adder comes into view.
An adder is nearby!
An adder is nearby!
One of your tentacles grows a vicious spike.
MP[-1]
You lost 1 mp, and now have 6/7 mp.
You see here 8 gold pieces.
An orc priest comes into view. It is wielding a +0 whip.
An orc priest and 2 orcs come into view.
The helpless adder fails to defend itself.
You puncture the adder!
You kill the adder!
The orc priest shouts! x2; The orc shouts!
Your transformation is almost over.
You see here an adder corpse.
The orc priest completely misses you.
MP[+1]
Your mp is fully restored (7).
You hit the orc priest. Your grab misses the orc priest.
You pierce the orc priest, but do no damage.
The orc priest hits you with a +0 whip!
HP[-7]
You take 7 damage, and now have 22/29 hp.
MASSIVE DAMAGE!! (PAUSE)
You closely miss the orc priest. Your grab misses the orc priest.
You pierce the orc priest.
The orc priest looks braver for a moment.
The orc priest closely misses you. The orc barely misses you.
You hit the orc priest. You grab the orc priest.
You pierce the orc priest, but do no damage.
You squeeze the orc priest.
You kill the orc priest!
The orc priest closely misses you. The orc hits you with a +0 dagger.
Your Fighting skill increases to level 2!
Your Unarmed Combat skill increases to level 4!
HP[-4]
You take 4 damage, and now have 18/29 hp.
You hit the orc priest. Your grab misses the orc priest.
Your tentacle spike misses the orc priest.
You squeeze the orc priest, but do no damage.
The orc priest casts a cantrip, but nothing happens.
The orc closely misses you.
You hit the orc priest. You grab the orc priest.
You pierce the orc priest.
Your tentacle-slap misses the orc priest.
You constrict the orc priest, but do no damage.
The orc priest casts a cantrip, but nothing happens.
The orc hits you with a +0 dagger.
HP[-2]
You take 2 damage, and now have 16/29 hp.
You hit the orc priest but do no damage.
You constrict the orc priest. The orc priest hits you with a +0 whip.
* * * LOW HITPOINT WARNING * * *
The orc misses you.
You hit the orc priest but do no damage.
You squeeze the orc priest.
Your tentacle spike disappears.
You constrict the orc priest.
The orc priest invokes the aid of Beogh against you.
Pain shoots through your body!
* * * LOW HITPOINT WARNING * * *
The orc hits you with a +0 dagger.
You die...

Skill      XL: |  1  2  3  4 |
---------------+-------------+-----
Stealth        | 1 2 |  2.6
Fighting       | 2 |  2.1
Unarmed Combat | 4 |  4.1
Dodging        | |  2.8
Spellcasting   | |  2.0
Transmutations | |  2.0

Action                   |  1- 3 |  4- 6 || total
-------------------------+-------+-------++-------
Melee: Unarmed           |    69 |     3 ||    72
       Constrict         |    22 |     4 ||    26
       Kick              |    20 |     7 ||    27
       Tentacles         |    15 |     6 ||    21
       Punch             |     1 |       ||     1
       Dagger            |       |    17 ||    17
 Cast: Beastly Appendage |    19 |     5 ||    24
 Stab: Sleeping          |     7 |     4 ||    11
Armor: Skin              |     4 |       ||     4
Dodge: Dodged            |    26 |    13 ||    39

Levels and vault maps discovered:
D:1:      dpeg_arrival_central, layout_basic, nrook_uturn, minmay_misc_feat_room
D:2:      layout_rooms
D:3:      layout_loops_ring, mainiacjoe_overflow_tiny_flanked

Notes
Turn   | Place    | Note
-------+----------+-------------------------------------------
     0 | D:1      | zeratav the Octopode Transmuter began the quest for the
                  | Orb.
     0 | D:1      | Reached XP level 1. HP: 13/13 MP: 3/3
     0 | D:1      | magus.rc [v1.9.6]
   262 | D:1      | Reached XP level 2. HP: 18/18 MP: 3/5
   265 | D:1      | Reached skill level 1 in Stealth
   410 | D:1      | You add the spells Malign Gateway and Summon Horrible
                  | Things to your library.
  1107 | D:2      | Reached XP level 3. HP: 22/23 MP: 4/6
  1198 | D:2      | Identified the +0 scale mail of the Cooper {rC+ rCorr
                  | Dex+3}
  1415 | D:2      | You fall into a shaft and drop 1 floor!
  1533 | D:2      | Reached skill level 2 in Stealth
  1697 | D:2      | Reached XP level 4. HP: 29/29 MP: 7/7
  2204 | D:3      | Reached skill level 2 in Fighting
  2204 | D:3      | Reached skill level 4 in Unarmed Combat
  2207 | D:3      | HP: 2/29 [orc priest/nerve-wracking pain (10)]
  2207 | D:3      | Slain by an orc

Vanquished Creatures
  An orc priest (D:3)
  4 adders
  2 worms (D:2)
  A dart slug (D:2)
  7 endoplasms
  4 giant cockroaches
  A goblin (D:2)
  4 hobgoblins
  A quokka (D:3)
  3 ball pythons (D:1)
  3 bats (D:1)
  3 frilled lizards
  6 kobolds
  A rat (D:2)
41 creatures vanquished.

Table legend:
 A = Non-vault XP
 B = Vault XP
 C = Vault XP percentage of total XP
 D = Non-vault monster count
 E = Vault monster count
 F = Vault count percentage of total count
                 A         B        C        D         E       F
            +---------+---------+-------+---------+---------+-------
      Total |     160 |       0 |   0.0 |      41 |       0 |   0.0
            +---------+---------+-------+---------+---------+-------
        D:1 |      32 |       0 |   0.0 |      20 |       0 |   0.0
        D:2 |      73 |       0 |   0.0 |      18 |       0 |   0.0
        D:3 |      55 |       0 |   0.0 |       3 |       0 |   0.0
            +---------+---------+-------+---------+---------+-------

Illustrated notes

Table legend:
 A = Kills in this place as a percentage of kills in entire the game.
 B = Kills by you in this place as a percentage of kills by you in the entire game.
 C = Kills by friends in this place as a percentage of kills by friends in the entire game.
 D = Other kills in this place as a percentage of other kills in the entire game.
 E = Experience gained in this place as a percentage of experience gained in the entire game.
 F = Experience gained in this place divided by the number of levels of this place that you have seen.
                   A       B       C       D       E      F
               +-------+-------+-------+-------+-------+----------------------
         Total | 100.0 | 100.0 |   N/A |   N/A | 100.0 |  53.3
       Dungeon | 100.0 | 100.0 |   N/A |   N/A | 100.0 |  53.3
               +-------+-------+-------+-------+-------+----------------------

Table legend: (Time is in decaauts)
 A = Elapsed time spent in this place.
 B = Non-inter-level travel time spent in this place.
 C = Inter-level travel time spent in this place.
 D = Time resting spent in this place.
 E = Time spent auto-exploring this place.
 F = Levels seen in this place.
 G = Mean time per level.
                   A        B        C        D        E       F      G
               +--------+--------+--------+--------+--------+-----+--------+
         Total |   2203 |   2140 |     63 |      0 |   1812 |   3 |  734.3 |
       Dungeon |   2203 |   2140 |     63 |      0 |   1812 |   3 |  734.3 |
               +--------+--------+--------+--------+--------+-----+--------+

Top non-repeatable levels by time:
     D:1: 1091 daAuts
     D:2: 1065 daAuts
     D:3: 46 daAuts
